 Dungeon Crawl Stone Soup version 0.26-a0-835-g8259106e14 (webtiles) character file.

Game seed: 15780970816745896318

25799 robertstho the Brawler (level 12, -4/118 HPs)
             Began as a Troll Delver on Nov 17, 2020.
             Was an Initiate of Gozag.
             Slain by a skeletal warrior
             ... wielding a +0 halberd
             ... led by a skeletal warrior
              (19 damage)
             ... on level 13 of the Dungeon.
             The game lasted 00:27:25 (12276 turns).

robertstho the Brawler (Troll Delver)              Turns: 12276, Time: 00:27:25

Health: -4/118     AC: 10    Str: 30    XL:     12   Next: 92%
Magic:  11/11      EV: 12    Int:  6    God:    Gozag
Gold:   1145       SH:  0    Dex: 11    Spells: 11/11 levels left

rFire    . . .     SeeInvis .     - Unarmed
rCold    . . .     Faith    .   (no shield)
rNeg     . . .     Spirit   .   h - +1 robe of Dofer {rElec Str+3}
rPois    +         Reflect  .   (helmet restricted)
rElec    +         Harm     .   (no cloak)
rCorr    .         Rampage  .   (gloves unavailable)
MR       .....                  (boots unavailable)
Stlth    ++........             M - amulet of regeneration
HPRegen  1.09/turn              z - ring of poison resistance
MPRegen  0.12/turn              D - +4 ring of protection

@: no status effects
A: large, unfitting armour, claws 3, blurry vision 1, deformed body,
regeneration 1, screaming 1, shaggy fur 1, tough skin 3
a: Potion Petition, Call Merchant, Bribe Branch, Renounce Religion


You were on level 13 of the Dungeon.
You worshipped Gozag.
Gozag was most pleased with you.
You visited 1 branch of the dungeon, and saw 13 of its levels.
You also visited: Sewer and Bailey.

You collected 3575 gold pieces.
You spent 1182 gold pieces at shops.
You paid 1248 gold pieces to Gozag.

Inventory:

Missiles
 H - 2 large rocks (quivered)
Armour
 e - the +1 robe of the Sun {rC++}
   (You acquired it on level 8 of the Dungeon)

   It greatly protects you from cold.
 h - the +1 robe of Dofer (worn) {rElec Str+3}
   (You found it on level 5 of the Dungeon)

   It affects your strength (+3).
   It insulates you from electricity.
Jewellery
 o - an uncursed ring of wizardry
 u - an uncursed amulet of the acrobat
 z - a ring of poison resistance (left claw)
 D - a +4 ring of protection (right claw)
 E - a +6 ring of dexterity
 M - an amulet of regeneration (around neck)
Wands
 f - a wand of digging (7)
 r - a wand of iceblast (12)
 v - a wand of acid (2)
 B - a wand of paralysis (6)
Scrolls
 a - 2 scrolls of teleportation
 b - 4 scrolls of fog
 c - 5 scrolls of magic mapping
 d - 5 scrolls of fear
 l - a scroll of immolation {unknown}
 m - a scroll of random uselessness {unknown}
 n - 7 scrolls of remove curse
 t - 2 scrolls of enchant weapon {unknown}
 w - a scroll of holy word {unknown}
 x - 3 scrolls of blinking
 y - 2 scrolls of enchant armour {unknown}
Potions
 g - 2 potions of berserk rage {unknown}
 i - 2 potions of mutation
 j - 2 potions of heal wounds
 k - a potion of brilliance
 p - 2 potions of lignification
 q - 7 potions of flight
 s - 7 potions of magic
 A - 2 potions of attraction
 C - 2 potions of cancellation
 I - a potion of might
 J - 2 potions of haste
 K - 2 potions of resistance
 L - 2 potions of curing


   Skills:
 * Level 7.4 Fighting
 + Level 5.9 Dodging
 - Level 2.7 Stealth
 * Level 17.8 Unarmed Combat
 + Level 1.4 Evocations


You had 11 spell levels left.
You didn't know any spells.
Your spell library contained the following spells:

 Spells                   Type           Power        Failure   Level
 Summon Small Mammal      Summ           #...         45%         1
 Call Imp                 Summ           #.......     58%         2
 Call Canine Familiar     Summ           #.......     83%         3
 Summon Guardian Golem    Hex/Summ       #.......     83%         3
 Animate Dead             Necr           #.........   99%         4
 Summon Ice Beast         Ice/Summ       #.......     99%         4
 Summon Lightning Spire   Summ/Air       #.......     99%         4
 Blade Hands              Tmut           #.........   100%        5
 Irradiate                Conj/Tmut      #.........   100%        5
 Silence                  Hex/Air        #.........   100%        5
 Conjure Ball Lightning   Conj/Air       #.........   100%        6
 Tornado                  Air            #.........   100%        9


Dungeon Overview and Level Annotations

Branches:
Dungeon (13/15)            Temple (0/1) D:7            Lair (0/6) D:10
    Orc (0/2) D:9           Sewer (visited)          Bailey (visited)
 Vaults: D:13-14

Altars:
Ashenzari
Dithmenos
Fedhas
Gozag
Kikubaaqudgha
Makhleb
Nemelex Xobeh
Okawaru
Qazlal
Ru
Wu Jian
Xom
Zin
The Shining One
Beogh

Shops:
D:4 *   D:10 [   D:11 !   D:12 =

Portals:
Abyss: D:6

Annotations:
D:6 2 transporters, 2FriedEggs's ghost, novice DESu


Innate Abilities, Weirdness & Mutations

You are too large for most types of armour.
You have claws for hands.
Your natural rate of healing is unusually fast.
You are covered in fur. (AC +1)
You have extremely tough skin. (AC +3)
Scrolls take you a little longer to read.
Armour fits poorly on your strangely shaped body.
You occasionally shout uncontrollably at your foes.


Message History

The orc hits you with a +1 flail of protection.
You closely miss the skeletal warrior. Your claw misses the skeletal warrior.
The skeletal warrior is severely damaged.
The skeletal warrior hits you from afar with a +0 halberd!
The skeletal warrior hits you with a +0 long sword.
The skeletal warrior closely misses you.
You are too injured to fight recklessly!
You are too injured to fight recklessly!
You are too injured to fight recklessly!
You are too injured to fight recklessly!
You are too injured to fight recklessly!
The skeletal warrior hits you but does no damage.
The skeletal warrior hits you from afar with a +0 halberd!!
* * * LOW HITPOINT WARNING * * *
You feel much better. The orc barely misses you.
The skeletal warrior hits you from afar with a +0 halberd!!
* * * LOW HITPOINT WARNING * * *
The skeletal warrior hits you from afar with a +0 halberd!!
You die...
Your body crumbles into a pile of gold.

...............##.#.# #.# ####
...............##)#.###.###...
.........###...##.#.......#...
..######## #...##.#.......#.(.
#...##.........#... ####
#..[####...........
#....#z..####.......#...
#.....oz......#.#####... $
......z!@....###.# #...
##.....#####.# ..# #...
....... #.#.#.# #... ......#
###.#+# #### ...... # ......
######


You could see 3 skeletal warriors and an orc.

Vanquished Creatures
  Kirke (D:12)
  3 hydras
  2 boulder beetles
  2 two-headed ogres
  2 orc high priests (Bailey)
  A skeletal warrior (D:13)
  An unseen horror (D:12)
  Pikel (D:4)
  4 ugly things
  A cyclops (shapeshifter) (D:13)
  A cyclops (D:10)
  3 gargoyles
  2 centaur skeletons
  A komodo dragon (D:13)
  2 trolls (D:12)
  A hornet (D:13)
  4 slime creatures
  3 shadows
  2 wyverns
  6 yaks (D:10)
  A vampire (D:10)
  3 hogs (D:12)
  A steam dragon (D:8)
  3 water moccasins (D:10)
  4 black bears
  A hornet zombie (D:9)
  19 orc warriors
  4 sky beasts
  An eye of draining (D:11)
  8 ogres
  6 phantoms
  An ice beast (D:6)
  A necrophage (D:10)
  8 centaurs
  A lemure (D:4)
  5 big kobolds
  5 bullfrogs
  4 scorpions
  A troll zombie (D:9)
  4 wights (D:11)
  4 killer bees (D:10)
  2 electric eels (Bailey)
  7 howler monkeys
  A lava snake (D:10)
  A crimson imp (D:7)
  3 centaur zombies
  7 hounds
  A jelly (D:9)
  2 bullfrog skeletons
  5 orc priests
  2 iguanas
  16 orc wizards
  12 worker ants
  7 ogre zombies (D:9)
  2 hound skeletons
  A worker ant zombie (D:10)
  3 gnolls (Bailey)
  A howler monkey skeleton (D:8)
  14 adders
  3 river rats (Sewer)
  3 shadow imps
  3 white imps
  3 oozes
  3 adder zombies
  5 worms
  An adder skeleton (D:4)
  4 dart slugs
  7 leopard geckos
  70 orcs
  8 bats
  5 giant cockroaches
  10 goblins
  15 hobgoblins
  9 jackals
  35 kobolds
  9 quokkas
  A ball python (D:1)
  5 frilled lizards
  3 goblin zombies (D:9)
  A hobgoblin skeleton (D:9)
  A hobgoblin zombie (D:9)
  A leopard gecko skeleton (D:5)
  3 orc skeletons (D:9)
  17 orc zombies (D:9)
  10 rats
450 creatures vanquished.

Vanquished Creatures (others)
  An orc wizard (D:12)
  20 fungi (D:10)
  20 plants (D:10)
41 creatures vanquished.

Grand Total: 491 creatures vanquished

Notes
Turn   | Place    | Note
-------+----------+-------------------------------------------
     0 | D:5      | robertstho the Troll Delver began the quest for the Orb.
     0 | D:5      | Reached XP level 1. HP: 22/22 MP: 0/0
   135 | D:5      | Got a fabulously ornate robe
   145 | D:5      | Identified the +1 robe of Dofer {rElec Str+3} (You found it
                  | on level 5 of the Dungeon)
   159 | D:5      | Reached XP level 2. HP: 29/29 MP: 1/1
   160 | D:5      | Reached XP level 3. HP: 37/37 MP: 2/2
   208 | D:5      | Reached skill level 3 in Unarmed Combat
   218 | D:5      | Reached XP level 4. HP: 25/45 MP: 3/3
   346 | D:5      | Noticed an ogre
   353 | D:5      | Killed an ogre
   354 | D:5      | Reached skill level 4 in Unarmed Combat
   354 | D:5      | Reached XP level 5. HP: 41/54 MP: 4/4
   641 | D:5      | Found a blossoming altar of Fedhas.
   789 | D:5      | Found a glowing silver altar of Zin.
   916 | D:4      | Found Calamaz's Assorted Antiques.
   987 | D:4      | Reached XP level 6. HP: 58/62 MP: 5/5
  1054 | D:4      | Reached skill level 5 in Unarmed Combat
  1074 | D:4      | Found a glowing drain.
  1084 | Sewer    | Entered a sewer
  1252 | Sewer    | Found a white marble altar of Elyvilon.
  1369 | D:4      | Reached skill level 6 in Unarmed Combat
  1369 | D:4      | Reached XP level 7. HP: 69/70 MP: 6/6
  1613 | D:4      | Found a shimmering altar of Xom.
  1635 | D:4      | Noticed Pikel
  1653 | D:4      | Killed Pikel
  1654 | D:4      | Reached skill level 8 in Unarmed Combat
  1654 | D:4      | Reached XP level 8. HP: 65/79 MP: 7/7
  1919 | D:4      | Found an opulent altar of Gozag.
  1962 | D:4      | Became a worshipper of Gozag Ym Sagoz the Greedy
  2099 | D:4      | Found an ornate altar of the Wu Jian Council.
  2099 | D:4      | Found an iron altar of Okawaru.
  2104 | D:4      | Found a sacrificial altar of Ru.
  2106 | D:4      | Found a stormy altar of Qazlal.
  2108 | D:4      | Found a shadowy altar of Dithmenos.
  3010 | D:2      | Found a glowing golden altar of the Shining One.
  4253 | D:6      | Reached skill level 9 in Unarmed Combat
  4476 | D:6      | Found an ancient bone altar of Kikubaaqudgha.
  4476 | D:6      | Found a sparkling altar of Nemelex Xobeh.
  4528 | D:6      | Found a shimmering altar of Xom.
  4529 | D:6      | Found a shimmering altar of Xom.
  4541 | D:6      | Found a shimmering altar of Xom.
  4542 | D:6      | Found a shimmering altar of Xom.
  4610 | D:6      | Reached skill level 10 in Unarmed Combat
  4729 | D:6      | Found a one-way gate to the infinite horrors of the Abyss.
  4729 | D:6      | Noticed 2FriedEggs's ghost (novice DESu)
  4731 | D:6      | Noticed an ancient zyme
  4741 | D:6      | Found a transporter.
  4747 | D:6      | Found a transporter.
  4785 | D:6      | Noticed a sun demon
  4806 | D:6      | Reached XP level 9. HP: 34/87 MP: 8/8
  5135 | D:7      | Found a broken altar of Ashenzari.
  5293 | D:7      | Found a staircase to the Ecumenical Temple.
  5475 | D:7      | Found a burning altar of Makhleb.
  5598 | D:7      | Reached skill level 5 in Fighting
  5973 | D:4      | Bought a scroll labelled SEVVYBRAZO for 19 gold pieces
  5973 | D:4      | Bought a crude robe for 108 gold pieces
  5973 | D:4      | Bought a scroll labelled YJIUNYUMEDYM for 19 gold pieces
  5973 | D:4      | Bought a glowing purple potion for 17 gold pieces
  5973 | D:4      | Bought a scroll of teleportation for 57 gold pieces
  5973 | D:4      | Bought a twisted fluorescent wand for 76 gold pieces
  5983 | D:4      | Identified the +2 robe of Sunlight {-Tele rElec Dex+2} (You
                  | bought it in a shop on level 4 of the Dungeon)
  6193 | D:8      | Reached skill level 11 in Unarmed Combat
  6261 | D:8      | Found a flagged portal.
  6270 | Bailey   | Entered a bailey
  6360 | Bailey   | Found an iron altar of Okawaru.
  6360 | Bailey   | Noticed an orc high priest
  6360 | Bailey   | Noticed an orc high priest
  6379 | Bailey   | Killed an orc high priest
  6380 | Bailey   | Reached skill level 12 in Unarmed Combat
  6393 | Bailey   | Killed an orc high priest
  6394 | Bailey   | Reached XP level 10. HP: 65/96 MP: 9/9
  6471 | Bailey   | Gained mutation: You occasionally shout uncontrollably at
                  | your foes. [mutagenic glow]
  6487 | Bailey   | Gained mutation: Armour fits poorly on your strangely
                  | shaped body. [mutagenic glow]
  6497 | Bailey   | Gained mutation: Scrolls take you a little longer to read.
                  | [mutagenic glow]
  6885 | Bailey   | Identified the Papyrus of Mutagenic Evil
  7029 | D:8      | Acquired the +1 robe of the Sun {rC++}
  7104 | D:8      | Reached skill level 13 in Unarmed Combat
  7846 | D:8      | Noticed a two-headed ogre
  7876 | D:8      | Killed a two-headed ogre
  8169 | D:9      | Noticed a two-headed ogre
  8179 | D:9      | Killed a two-headed ogre
  8180 | D:9      | Reached skill level 14 in Unarmed Combat
  8180 | D:9      | Reached skill level 1 in Evocations
  8182 | D:9      | Reached XP level 11. HP: 63/105 MP: 10/10
  8280 | D:9      | Found a staircase to the Orcish Mines.
  8715 | D:10     | Entered Level 10 of the Dungeon
  8816 | D:10     | Found a staircase to the Lair.
  9059 | D:10     | Noticed a red ugly thing
  9103 | D:10     | Reached skill level 15 in Unarmed Combat
  9309 | D:10     | Killed a red ugly thing
  9687 | D:11     | Noticed a boulder beetle
  9696 | D:11     | Killed a boulder beetle
  9697 | D:11     | Reached skill level 5 in Dodging
  9791 | D:11     | Noticed a four-headed hydra
  9803 | D:11     | HP: 5/107 [adder (2)]
  9962 | D:11     | Bought a potion of might for 56 gold pieces
  9962 | D:11     | Bought a potion of haste for 140 gold pieces
  9962 | D:11     | Bought a potion of resistance for 140 gold pieces
  9962 | D:11     | Bought a potion of haste for 140 gold pieces
  9962 | D:11     | Bought a potion of heal wounds for 70 gold pieces
 10010 | D:11     | Noticed a six-headed hydra
 10017 | D:11     | Killed a ten-headed hydra
 10192 | D:11     | Killed an eight-headed hydra
 10193 | D:11     | Reached skill level 16 in Unarmed Combat
 10274 | D:11     | Reached XP level 12. HP: 87/115 MP: 6/11
 10756 | D:12     | Found a roughly hewn altar of Beogh.
 10975 | D:12     | Noticed a boulder beetle
 10985 | D:12     | Killed a boulder beetle
 11051 | D:12     | Found Caosisse's Jewellery Emporium.
 11056 | D:12     | Bought an uncursed ring of poison resistance for 340 gold
                  | pieces
 11260 | D:12     | Reached skill level 17 in Unarmed Combat
 11349 | D:12     | Noticed Kirke
 11384 | D:12     | Killed Kirke
 11617 | D:12     | Found a broken altar of Ashenzari.
 11831 | D:13     | Noticed a five-headed hydra
 11842 | D:13     | Killed a ten-headed hydra
 12276 | D:13     | Slain by a skeletal warrior

Illustrated notes

Levels and vault maps discovered:
D:1:      zelgadis_glass_arrival_small, layout_basic
D:2:      layout_rooms, lemuel_round_altar, serial_glass, glass_columns_a,
          glass_columns_c, minmay_misc_feat_encased
D:3:      layout_rooms
D:4:      layout_basic, nicolae_gozag_seed_capital,
          chequers_temple_overflow_minitemple, xom_butterflies,
          gup_sewer_entry_bubbles, serial_shops, shop, hangedman_decor_points,
          minmay_misc_feat_five, minmay_mini_jars, uniq_pikel
D:5:      layout_basic, nicolae_overflow_hidden_temple, fedhas_altar_4
D:6:      layout_cave_pools, chequers_temple_overflow_statue_of_worship,
          gammafunk_ghost_abyssal_escape, minmay_misc_feat_doors,
          xom_redecorated
D:7:      layout_gridville, makhleb_grotto_becter, temple_green, basic_altar
D:8:      layout_loops_ring, enter_bailey_8, centaur_isle
D:9:      layout_rooms, zombieorc2_lemuel
D:10:     layout_roguey, due_lair_maze_entry_diamond, amethyst_killhole,
          kennysheep_big_empty_room, minmay_misc_feat_cross, minivault_28
D:11:     layout_basic
D:12:     layout_long_grid, serial_shops, nicolae_shop_behind_doors,
          basic_altar, special_room [special_room_orc], uniq_kirke
D:13:     layout_basic, corexii_corridor_pit

Skill      XL: |  1  2  3  4  5  6  7  8  9 10 11 12 |
---------------+-------------------------------------+-----
Fighting       | 3 4 5 6 7 |  7.4
Unarmed Combat | 3 4 6 8 10 12 14 16 17 | 17.8
Dodging        | 2 3 4 5 |  5.9
Evocations     | 1 |  1.4
Stealth        | |  2.7

Action                   |  1- 3 |  4- 6 |  7- 9 | 10-12 || total
-------------------------+-------+-------+-------+-------++-------
Melee: Unarmed           |    30 |    96 |   347 |   634 ||  1107
       Punch             |       |     2 |    14 |    60 ||    76
Invok: Call Merchant     |       |       |       |     2 ||     2
Evoke: Wand              |       |       |     4 |    10 ||    14
  Use: Scroll            |       |     2 |    11 |     8 ||    21
       Potion            |       |       |     4 |    14 ||    18
 Stab: Sleeping          |       |     1 |    15 |     4 ||    20
       Paralysed         |       |       |       |     2 ||     2
       Distracted        |       |       |       |     4 ||     4
Armor: Robe              |    11 |    27 |    81 |   135 ||   254
       Skin              |       |       |       |    24 ||    24
Dodge: Dodged            |    19 |    28 |   132 |   343 ||   522

Table legend: (Time is in decaauts)
 A = Elapsed time spent in this place.
 B = Non-inter-level travel time spent in this place.
 C = Inter-level travel time spent in this place.
 D = Time resting spent in this place.
 E = Time spent auto-exploring this place.
 F = Levels seen in this place.
 G = Mean time per level.
                   A        B        C        D        E       F      G
               +--------+--------+--------+--------+--------+-----+--------+
         Total |  12044 |  11323 |    721 |    532 |   7934 |  15 |  802.9 |
       Dungeon |  11082 |  10361 |    721 |    381 |   7423 |  13 |  852.5 |
         Sewer |    232 |    232 |      0 |      0 |    190 |   1 |  232.0 |
        Bailey |    730 |    730 |      0 |    151 |    320 |   1 |  730.0 |
               +--------+--------+--------+--------+--------+-----+--------+

Top non-repeatable levels by time:
     D:4: 1364 daAuts
     D:8: 1255 daAuts
    D:11: 1155 daAuts
     D:5: 998 daAuts
    D:12: 928 daAuts
     D:6: 866 daAuts
     D:7: 805 daAuts
    D:10: 791 daAuts
  Bailey: 730 daAuts
     D:9: 687 daAuts
     D:1: 643 daAuts
     D:3: 618 daAuts
     D:2: 527 daAuts
    D:13: 441 daAuts
   Sewer: 232 daAuts
